Map: Blueshift LE

Players

Yocto - Winner!

  • Race: Zerg Zerg
  • Spawn Location: 1:00

VOD

Have the link to the VOD?

Description

Time

  • Played on: Dec. 17, 2018, 8:25 a.m.
  • Length: 5:05
Show
View Real Time Build Order
Export as new Build Order

Yocto Zerg - Winner!

Build Orders: Hatch First, Ravager All-In 

Get SALT Encoding   

  12  0:05  Drone  
  12  0:13  Overlord  
  12  0:18  Drone  
  12  0:33  Drone x2  
  12  0:38  Drone  
  12  0:54  Hatchery  
  12  0:58  Drone  
  12  1:02  Extractor  
  12  1:03  Drone  
  12  1:22  Spawning Pool  
  12  1:24  Drone x2  
  12  1:32  Drone  
  12  1:42  Overlord  
  12  1:58  Drone  
  12  2:12  Queen  
  12  2:14  Queen  
  12  2:15  Metabolic Boost  
  12  2:20  Roach Warren  
  12  2:21  Drone  
  12  2:23  Drone  
  12  2:28  Extractor  
  12  2:30  Drone  
  12  2:32  Drone  
  12  2:48  Drone x2  
  12  3:05  Overlord x2  
  12  3:09  Queen  
  12  3:17  Roach  
  12  3:22  Roach  
  12  3:28  Roach x3  
  12  3:41  Roach  
  12  3:43  Ravager x2  
  12  3:54  Drone  
  12  3:55  Ravager  
  12  3:57  Ravager  
  12  4:06  Queen  
  12  4:19  Overlord  
  12  4:20  Zergling x2  
  12  4:21  Zergling x2  
  12  4:34  Zergling x2  
  12  4:44  Zergling x2  
  12  4:45  Zergling x4  
  12  4:46  Ravager x2  
Tags
 
Race
Zerg
Replay Pack
Yocto
Add a new tag
Caveats
  • Supply blocks, unpowered buildings, or Contaminate may cause inaccurate times.
  • Supply counts are checked every 10 seconds.